 Dungeon Crawl Stone Soup version 0.28.0 (webtiles) character file.

Game seed: 17334412280642823581

81 browni3141 the Skirmisher (level 4, 0/41 HPs)
             Began as a Minotaur Berserker on Feb 10, 2022.
             Was a Follower of Trog.
             Slain by a ball python (2 damage)
             ... on level 3 of the Dungeon.
             The game lasted 00:00:41 (778 turns).

browni3141 the Skirmisher (Minotaur Berserker)       Turns: 778, Time: 00:00:42

Health: 0/41       AC:  2    Str: 23    XL:     4   Next: 19%
Magic:  3/3        EV:  9    Int:  4    God:    Trog [*.....]
Gold:   30         SH:  0    Dex: 10    Spells: 3/3 levels left

rFire   + . .      SeeInvis .   a - +0 hand axe
rCold   . . .      Faith    .   (no shield)
rNeg    . . .      Spirit   .   b - +0 animal skin
rPois   .          Reflect  .   (helmet restricted)
rElec   .          Harm     .   (no cloak)
rCorr   .          Rampage  .   (no gloves)
Will    .....                   (no boots)
Stlth   +.........              (no amulet)
HPRegen 0.13/turn               k - ring of protection from fire
MPRegen 0.08/turn               (no ring)

@: on berserk cooldown, slowed, constricted, very slow
A: horns 2, retaliatory headbutt
a: Renounce Religion, Berserk


You were on level 3 of the Dungeon.
You worshipped Trog.
Trog was aware of your devotion.
You visited 1 branch of the dungeon, and saw 3 of its levels.

You collected 30 gold pieces.

Inventory:

Hand Weapons
 a - a +0 hand axe (weapon)
Armour
 b - a +0 animal skin (worn)
Jewellery
 k - a ring of protection from fire (left hand)
Scrolls
 c - a scroll of holy word {unknown}
 d - a scroll of magic mapping {unknown}
 e - 3 scrolls of identify {unknown}
 g - a scroll of enchant armour {unknown}
 i - a scroll of immolation {unknown}
Potions
 f - a potion of heal wounds {unknown}
 h - a potion of degeneration {unknown}
 j - a potion of lignification {unknown}


   Skills:
 + Level 4.3 Fighting
 + Level 4.3 Axes
 + Level 3.4 Armour
 + Level 3.1 Dodging


You had 3 spell levels left.
You didn't know any spells.
Your spell library was empty.

Dungeon Overview and Level Annotations

Branches:
Dungeon (3/15)

Altars:
Ashenzari
Elyvilon


Innate Abilities, Weirdness & Mutations

You have a pair of horns on your head.
You reflexively headbutt those who attack you in melee.


Message History

Terence hits you with a +2 short sword of speed!
* * * LOW HITPOINT WARNING * * *
You are too injured to fight recklessly!
You slash Terence!
You kill Terence!
Trog accepts your kill.
Your Dodging skill increases to level 3!
You have reached level 4!
You feel agile.
Unknown command.
Things that are here:
a viscous ruby potion; a hobgoblin corpse
j - a viscous ruby potion You feel a strong urge to attack something.
You hit the kobold. You headbutt the kobold.
You kill the kobold!
Trog accepts your kill.
You are no longer berserk.
You are exhausted.
You feel yourself slow down.
A ball python comes into view.
k - a ring of protection from fire You see here a bat corpse.
k - a ring of protection from fire (left hand)
You are too injured to fight recklessly!
You closely miss the ball python. Your headbutt misses the ball python.
The ball python bites you.
* * * LOW HITPOINT WARNING * * *
The ball python grabs you. The ball python constricts you.
* * * LOW HITPOINT WARNING * * *
The ball python bites you.
* * * LOW HITPOINT WARNING * * *
The ball python constricts you.
* * * LOW HITPOINT WARNING * * *
You barely miss the ball python. The ball python barely misses you.
You furiously retaliate!
You headbutt the ball python. The ball python constricts you.
* * * LOW HITPOINT WARNING * * *
The ball python bites you.
You die...

#####...### #####..#
############...# ##.##
##.....#.....##.# #...
.#.............#.## ###.
.........†.†......# ##
.............>..#.##
...(................ ....
......).†.......##..# #...
...........S@.>.# .###.... #
.)....).........# .#...... #
.#.....................#...##
...♣♣≈.<#...?.#####....#.....
.. ♣≈♣♣.####### #.......# .
≈≈≈ ♣≈♣ ##.....##. ♣≈SP ≈≈≈
.......... ≈≈≈ ≈P≈ ....###.##
. #.#


You could see a ball python.

Vanquished Creatures
  A hound (D:3)
  Terence (D:3)
  A worm (D:2)
  3 orcs (D:2)
  An endoplasm (D:2)
  A goblin (D:3)
  3 hobgoblins
  2 jackals (D:1)
  2 kobolds (D:3)
  A quokka (D:3)
  A ball python (D:1)
  2 bats (D:3)
  3 rats
22 creatures vanquished.

Vanquished Creatures (others)
  10 plants (D:3)
10 creatures vanquished.

Grand Total: 32 creatures vanquished

Notes
Turn   | Place    | Note
-------+----------+-------------------------------------------
     0 | D:1      | browni3141 the Minotaur Berserker began the quest for the
                  | Orb.
     0 | D:1      | Reached XP level 1. HP: 19/19 MP: 0/0
   199 | D:2      | Reached XP level 2. HP: 27/27 MP: 1/1
   686 | D:3      | Found a white marble altar of Elyvilon.
   686 | D:3      | Found a broken altar of Ashenzari.
   701 | D:3      | Reached XP level 3. HP: 33/33 MP: 2/2
   752 | D:3      | Noticed Terence
   761 | D:3      | Killed Terence
   762 | D:3      | Reached XP level 4. HP: 7/41 MP: 3/3
   778 | D:3      | HP: 2/41 [constriction (1)]
   778 | D:3      | Slain by a ball python

Illustrated notes

Levels and vault maps discovered:
D:1:      ncdulo_smallfort, layout_rooms, hellmonk_ecumenical_altar_heavens_door
D:2:      layout_basic, serial_corexii_hall, corexii_hall_statues_s,
          corexii_hall_statues_t, corexii_hall_statues_i,
          chequers_hall_statues_y, minmay_heptomino_l4, uniq_robin, uniq_sigmund
D:3:      layout_rooms, gammafunk_temple_overflow_elements, serial_bayou_lake_a,
          uniq_terence

Skill      XL: |  1  2  3 |
---------------+----------+-----
Axes           | 4 |  4.3
Fighting       | 4 |  4.3
Armour         | 3 |  3.4
Dodging        | 3 |  3.1

Action                   |  1- 3 |  4- 6 || total
-------------------------+-------+-------++-------
Melee: Hand axe          |    38 |     3 ||    41
       Headbutt          |     9 |     1 ||    10
       Punch             |     1 |       ||     1
Invok: Berserk           |     1 |       ||     1
Armor: Animal skin       |     2 |       ||     2
Dodge: Dodged            |    24 |     1 ||    25
